 Dungeon Crawl Stone Soup version 0.27-a0-577-ge2a43ba0c9 (webtiles) character file.

Game seed: 13611135092836848731

187537 jasper the Ninja (level 17, -10/74 HPs)
             Began as a Spriggan Enchanter on Mar 9, 2021.
             Was the Champion of Dithmenos.
             Mangled by a redback (11 damage)
             ... on level 2 of the Spider Nest.
             The game lasted 01:21:43 (39622 turns).

jasper the Ninja (Spriggan Enchanter)              Turns: 39622, Time: 01:21:44

Health: -10/74     AC: 15    Str:  0 (5)  XL:     17   Next: 88%
Magic:  27/27      EV: 14    Int: 22 (24) God:    Dithmenos [******]
Gold:   1105       SH: 10    Dex: 17      Spells: 12/22 levels left

rFire    + . .     SeeInvis +   I - +2 scimitar (flame)
rCold    + . .     Faith    .   W - +2 buckler {rC+}
rNeg     . . .     Spirit   .   L - +6 acid dragon scales
rPois    +         Reflect  .   r - +2 hood of the Assassin {Detection Stab+ Stlth++}
rElec    .         Harm     .   M - scarf {repulsion}
rCorr    +         Rampage  .   (gloves unavailable)
Will     ++...                  (boots unavailable) Stlth ##********
                                i - amulet of regeneration
HPRegen  0.30/turn              e - ring of poison resistance
MPRegen  0.20/turn              X - ring "Yreyc" {rF+ Int+3 SInv}

@: lethally poisoned (-10 -> -37), slowed, lost strength, wreathed by umbra,
repel missiles, quick
A: very small, unfitting armour, see invisible, speed 3
a: Renounce Religion, Shadow Step, Shadow Form


You were on level 2 of the Spider Nest.
You worshipped Dithmenos.
Dithmenos was exalted by your worship.
You visited 6 branches of the dungeon, and saw 27 of its levels.
You visited 1 bazaar.
You also visited: Ossuary and Gauntlet.

You collected 2939 gold pieces.
You spent 1834 gold pieces at shops.

Inventory:

Hand Weapons
 d - a +1 scimitar of holy wrath
 I - a +2 scimitar of flaming (weapon)
Missiles
 l - 9 curare-tipped darts
 n - 104 poisoned darts
 w - 3 atropa-tipped darts
 R - 3 throwing nets
Armour
 r - the +2 hood of the Assassin (worn) {Detection Stab+ Stlth++}
   (You bought it in a shop on level 6 of the Dungeon)

   It makes you much more stealthy.
 L - +6 acid dragon scales (worn)
 M - a scarf of repulsion (worn)
 W - a +2 buckler of cold resistance (worn)
 Y - a +0 buckler of fire resistance
Jewellery
 a - a ring of positive energy
 e - a ring of poison resistance (left hand)
 i - an amulet of regeneration (around neck)
 u - a ring of fire
 S - an amulet of reflection
 X - the ring "Yreyc" (right hand) {rF+ Int+3 SInv}
   (You found it on level 14 of the Dungeon)

   [ring of protection from fire]

   It affects your intelligence (+3).
   It protects you from fire.
   It lets you see invisible.
Wands
 m - a wand of flame (34)
 q - a wand of charming (12)
 D - a wand of acid (1)
 F - a wand of iceblast (1)
 K - a wand of polymorph (18)
Scrolls
 b - a scroll of summoning
 f - a scroll of immolation
 g - 4 scrolls of random uselessness
 j - 16 scrolls of teleportation
 v - a scroll of enchant armour
 y - 6 scrolls of fog
 z - 6 scrolls of fear
 C - 9 scrolls of enchant weapon
 H - 6 scrolls of amnesia
 J - 3 scrolls of identify
 N - 2 scrolls of blinking
 O - 2 scrolls of magic mapping
Potions
 c - 6 potions of attraction
 h - 5 potions of brilliance
 k - 2 potions of haste
 o - 3 potions of resistance
 p - a potion of magic
 s - 5 potions of ambrosia
 t - 13 potions of curing
 x - 5 potions of lignification
 A - a potion of flight
 B - 4 potions of mutation
 E - a potion of invisibility
 G - a potion of cancellation
 P - a potion of heal wounds
 T - 3 potions of might
Miscellaneous
 Q - a phial of floods
 V - a tin of tremorstones (inert)
 Z - a condenser vane (inert)


   Skills:
 - Level 2.1 Fighting
 - Level 1.1(6.7) Short Blades
 * Level 8.1(8.2) Long Blades
 - Level 5.0 Armour
 - Level 13.1 Dodging
 O Level 27 Stealth
 - Level 7.2 Shields
 - Level 3.0 Spellcasting
 - Level 10.5 Hexes
 - Level 7.1 Translocations
 - Level 5.0 Ice Magic
 - Level 12.0 Invocations


You had 12 spell levels left.
You knew the following spells:

 Your Spells              Type           Power      Damage    Failure   Level
a - Tukima's Dance        Hex            49%        N/A       3%          3
b - Ensorcelled Hibernat  Hex/Ice        74%        N/A       5%          2
c - Confusing Touch       Hex            49%        N/A       3%          3
d - Blink                 Tloc           N/A        N/A       7%          2

Your spell library contained the following spells:

 Spells                   Type           Power      Damage    Failure   Level
 Corona                   Hex            54%        N/A       1%          1
 Slow                     Hex            49%        N/A       1%          2
 Dazzling Flash           Conj/Hex       52%        N/A       28%         3
 Inner Flame              Hex/Fire       26%        N/A       28%         3
 Summon Guardian Golem    Hex/Summ       26%        N/A       28%         3
 Foxfire                  Conj/Fire      12%        2x1d4     63%         1
 Magic Dart               Conj           12%        1d3       63%         1
 Summon Small Mammal      Summ           12%        N/A       63%         1
 Call Imp                 Summ           3%         N/A       77%         2
 Call Canine Familiar     Summ           3%         N/A       94%         3
 Conjure Flame            Conj/Fire      3%         6-21      94%         3
 Ignite Poison            Fire/Tmut/Pois 3%         N/A       94%         3
 Mephitic Cloud           Conj/Pois/Air  3%         N/A       94%         3
 Summon Ice Beast         Ice/Summ       14%        N/A       96%         4
 Sticky Flame             Conj/Fire      3%         2d3       100%        4
 Summon Lightning Spire   Summ/Air       3%         N/A       100%        4
 Fireball                 Conj/Fire      1%         3d3       100%        5
 Ignition                 Fire           1%         3d3       100%        8


Dungeon Overview and Level Annotations

Branches:
Dungeon (15/15)            Temple (1/1) D:4            Lair (6/6) D:8
 Shoals (1/4) Lair:2       Spider (2/4) Lair:3        Slime (0/5) Lair:6
    Orc (2/2) D:12            Elf (0/3) Orc:2        Vaults (0/5) D:14
 Depths (0/5) D:15        Ossuary (visited)         Gauntlet (visited)

Altars:
Ashenzari
Cheibriados
Dithmenos
Elyvilon
Fedhas
Gozag
Hepliaklqana
Kikubaaqudgha
Makhleb
Nemelex Xobeh
Okawaru
Qazlal
Ru
Sif Muna
Trog
Uskayaw
Vehumet
Wu Jian
Xom
Yredelemnul
Zin
The Shining One
Jiyva

Shops:
D:4 ?   D:5 *   D:6 (*[[[   D:10 [   D:11 *   D:13 *   D:14 !   Orc:2 ([=*(

Annotations:
D:3 2 runed translucent doors, IdlyInterested's ghost, amateur DgHu
D:13 1 runed translucent door, srzhan31's ghost, journeyman GrCj
Lair:3 2 transporters, exclusion: downstairs, Ruicvywi's ghost, journeyman OgTm
Lair:5 3 runed translucent doors, exclusion: 2 oklob plants, Sekkong's ghost, journeyman MiBe
Shoals:1 Roxanne


Innate Abilities, Weirdness & Mutations

You are very small and have problems with some larger weapons.
You are too small for most types of armour.
You have supernaturally acute eyesight. (SInv)
You cover ground extremely quickly. (Speed+++)


Message History

You are no longer poisoned.
You take 6 damage, and have 4/74 hp.
You regained 7 mp, and now have 26/27 mp.
You start resting.
Magic restored.
MP restored: 27 You start resting.
HP restored.
Health restored: 74 You climb downwards.
The redback barely misses you. The redback misses you.
You block the redback's attack.
The redback bites you but does no damage.
The redback bites you. The redback barely misses you.
You riposte.
You hit the redback. You burn the redback.
The redback is lightly wounded.
The redback bites you but does no damage.
You block the redback's attack. The redback bites you!
The redback closely misses you.
You riposte.
Your acid dragon scales prevents you from hitting the redback.
You block the redback's attack. The redback bites you!
You are poisoned.
The redback poisons you! The redback barely misses you. The redback bites you.
The redback misses you.
You riposte.
You completely miss the redback. The redback closely misses you.
There is a stone staircase leading up, spattered with blood here.
You take 32 damage, and have 42/74 hp.
MASSIVE DAMAGE!!
You feel very sick. The redback bites you! You block the redback's attack.
The redback bites you!
* * * LOW HITPOINT WARNING * * *
The redback bites you!
* * * LOW HITPOINT WARNING * * *
You emit a cloud of dark smoke.
The redback closely misses you.
The redback bites you but does no damage.
You block the jumping spider's attack. The jumping spider closely misses you.
The redback barely misses you.
The redback bites you but does no damage.
The redback misses you. The redback barely misses you.
The redback bites you but does no damage.
The redback bites you!
You die...

...............##.##
......#.#..##...#..###
.....######..........# .^.###
##.........# .# ....#
#....#....# ....# ...##
##..##....# ..... ..##
#####....# #...### ^.##
##s#s...#### .....?# ...#
##.s@s#.....## ##...# #.##
#..sss#......###..... ###
#...ss....##..###.... #...
###^.......#####..... ##....
####.##..^.^...##.####..
#....^##..#s....#####.....^.#..
#.....#..s........#.#^..<..^^.#
#..^##.s.s......^#.....<....##
#
##...#...s..................##.


You could see 2 jumping spiders, a tarantella and 6 redbacks.

Vanquished Creatures
  Arachne (Spider:2)
  An orc warlord (Orc:1)
  2 ghost moths
  An emperor scorpion (Lair:3)
  The ghost of avis the Nimble, a journeyman OpCj of Gozag (D:11)
  A minotaur (Gauntlet)
  A vault guard (D:14)
  12 hydras
  6 boulder beetles
  2 ice dragons (D:15)
  A rakshasa (D:14)
  Erica (D:8)
  A catoblepas (Lair:4)
  A centaur warrior (D:14)
  2 two-headed ogres
  4 death yaks
  5 tengu warriors
  An orc high priest (Orc:1)
  A deep troll earth mage (D:12)
  10 skeletal warriors
  3 unseen horrors
  A wizard (D:14)
  Pikel (D:8)
  2 necromancers
  12 harpies
  5 orc knights
  A deep elf pyromancer (D:15)
  A lindwurm (Lair:6)
  5 orb spiders
  9 orc sorcerers
  6 ugly things
  18 wolf spiders
  14 elephants
  3 manticores
  2 oklob plants (D:11)
  6 cyclopes
  A black mamba (Lair:3)
  A gargoyle (D:14)
  2 torpor snails
  34 cane toads
  Maggie (D:8)
  A rime drake (Lair:1)
  11 komodo dragons
  3 tengu conjurers
  A queen bee (Gauntlet)
  5 trolls
  3 meliai (D:13)
  32 jumping spiders
  2 polar bears
  3 wind drakes
  4 hornets
  28 blink frogs
  4 tyrant leeches (Lair:6)
  4 slime creatures
  11 dream sheep
  43 redbacks
  2 vampires
  4 shadows
  A water elemental (Shoals:1)
  7 tarantellas
  7 wyverns
  50 yaks
  4 basilisks
  3 wraiths
  3 fire bats (Gauntlet)
  22 humans (D:14)
  A steam dragon (D:14)
  6 wargs
  8 vampire mosquitoes
  An acid dragon (D:15)
  2 hell hounds (Gauntlet)
  10 water moccasins
  A soldier ant (D:11)
  29 orc warriors
  An eye of draining (D:15)
  4 ice beasts
  8 sky beasts
  5 black bears
  15 wolves
  10 ogres
  A necrophage (D:12)
  5 phantoms
  10 centaurs
  Blork the orc (D:4)
  3 kobold brigands
  33 bullfrogs
  A water moccasin zombie (D:5)
  A hornet simulacrum (D:15)
  A wyvern skeleton (D:11)
  5 scorpions
  40 killer bees
  5 electric eels
  4 centaur zombies
  A quasit (D:10)
  A wyvern simulacrum (D:14)
  2 bullfrog zombies
  8 hounds
  8 jellies
  14 orc priests
  A bullfrog skeleton (D:13)
  A gnoll shaman (Orc:2)
  8 centaur skeletons
  4 iguanas
  22 orc wizards
  9 worker ants
  A hell rat (Lair:5)
  A hound zombie (D:9)
  12 mummies (Ossuary)
  Robin (D:4)
  13 gnolls
  2 worker ant zombies
  2 river rats (Lair:5)
  9 adders
  3 shadow imps
  2 white imps (D:5)
  An ufetubus (D:7)
  2 oozes
  An adder zombie (D:7)
  An adder skeleton (D:5)
  4 worms
  3 dart slugs
  9 leopard geckos
  66 orcs
  3 ball pythons
  4 bats
  3 giant cockroaches
  12 goblins
  3 hobgoblins
  16 jackals
  11 quokkas
  3 frilled lizards
  A giant cockroach zombie (D:6)
  2 gnoll skeletons (Ossuary)
  4 goblin skeletons (Ossuary)
  A jackal skeleton (D:4)
  A jackal zombie (D:5)
  34 kobolds
  A kobold skeleton (Ossuary)
  A leopard gecko skeleton (D:9)
  An orc skeleton (Ossuary)
  A quokka skeleton (D:7)
  10 rats
  11 rat skeletons (Ossuary)
987 creatures vanquished.

Vanquished Creatures (others)
  A dancing weapon (Gauntlet)
  80 fungi
  168 plants
249 creatures vanquished.

Grand Total: 1236 creatures vanquished

Notes
Turn   | Place    | Note
-------+----------+-------------------------------------------
     0 | D:1      | jasper the Spriggan Enchanter began the quest for the Orb.
     0 | D:1      | Reached XP level 1. HP: 9/9 MP: 5/5
   900 | D:2      | Reached XP level 2. HP: 6/13 MP: 6/6
  1090 | D:2      | Learned a level 2 spell: Ensorcelled Hibernation
  1104 | D:2      | Reached skill level 5 in Stealth
  1166 | D:2      | Reached XP level 3. HP: 16/16 MP: 3/8
  2436 | D:2      | Found a sacrificial altar of Ru.
  2775 | D:2      | Learned a level 3 spell: Confusing Touch
  3093 | D:2      | Reached skill level 6 in Stealth
  3093 | D:2      | Reached XP level 4. HP: 18/21 MP: 5/9
  3827 | D:3      | Reached skill level 5 in Hexes
  3827 | D:3      | Reached XP level 5. HP: 24/24 MP: 3/10
  4193 | D:4      | Noticed a phantom
  4201 | D:4      | Killed a phantom
  4202 | D:4      | Reached skill level 7 in Stealth
  4202 | D:4      | Reached XP level 6. HP: 15/28 MP: 7/11
  4439 | D:4      | Found a staircase to the Ecumenical Temple.
  4448 | Temple   | Entered the Ecumenical Temple
  4733 | Temple   | Became a worshipper of Dithmenos the Shadowed
  4971 | D:3      | Found a faded altar of an unknown god.
  5214 | D:3      | Found a runed translucent door.
  5223 | D:3      | Noticed IdlyInterested's ghost (amateur DgHu)
  5382 | D:3      | Found a runed translucent door.
  5587 | D:4      | Reached skill level 8 in Stealth
  5614 | D:4      | Noticed Robin
  5872 | D:4      | Reached * piety under Dithmenos
  5959 | D:4      | Killed Robin
  6042 | D:4      | Found Picw's Magic Scroll Shop.
  6047 | D:4      | Bought a scroll of fog for 22 gold pieces
  6047 | D:4      | Bought a scroll of fear for 38 gold pieces
  6047 | D:4      | Bought a scroll of teleportation for 33 gold pieces
  6047 | D:4      | Bought a scroll of teleportation for 33 gold pieces
  6085 | D:4      | Reached skill level 5 in Dodging
  6085 | D:4      | Reached XP level 7. HP: 32/32 MP: 3/12
  6219 | D:4      | Noticed Blork the orc
  6239 | D:4      | Killed Blork the orc
  6333 | D:4      | Reached skill level 9 in Stealth
  6667 | D:5      | Entered Level 5 of the Dungeon
  7201 | D:5      | Reached skill level 10 in Stealth
  7201 | D:5      | Reached XP level 8. HP: 36/36 MP: 4/13
  7753 | D:5      | Found Jicsooph's Mass Market.
  7911 | D:6      | Found Hupa's Assorted Antiques.
  7926 | D:6      | Bought a scroll labelled PAUMIM MIVVEOL for 28 gold pieces
  7964 | D:6      | Found Nelaoqo's Armour Shoppe.
  7989 | D:6      | You fall into a shaft and drop 1 floor!
  8287 | D:6      | Found Zeironot's Antique Armour Emporium.
  8350 | D:6      | Reached skill level 11 in Stealth
  8416 | D:6      | Found a sand-covered staircase.
  8421 | Ossuary  | Entered an ossuary
  8456 | Ossuary  | Reached ** piety under Dithmenos
  8826 | Ossuary  | Learned a level 3 spell: Tukima's Dance
  8905 | D:6      | Found Wouckowk's Antique Armour Shoppe.
  9171 | D:6      | Found Zafon's Weapon Shop.
  9356 | D:7      | Reached skill level 12 in Stealth
  9356 | D:7      | Reached XP level 9. HP: 39/39 MP: 9/14
  9849 | D:7      | Reached *** piety under Dithmenos
  9927 | D:7      | Reached skill level 10 in Hexes
 10449 | D:7      | Reached skill level 13 in Stealth
 10617 | D:8      | Noticed Erica
 10751 | D:8      | Killed Erica
 10752 | D:8      | Reached skill level 1 in Ice Magic
 10759 | D:8      | Reached skill level 14 in Stealth
 10982 | D:8      | Reached XP level 10. HP: 41/44 MP: 10/15
 11063 | D:8      | Noticed Pikel
 11172 | D:8      | Killed Pikel
 11336 | D:8      | Found a staircase to the Lair.
 11353 | D:8      | Reached skill level 15 in Stealth
 11371 | D:8      | Noticed Maggie
 11378 | D:8      | Killed Maggie
 11411 | D:8      | Reached **** piety under Dithmenos
 11748 | D:9      | Reached skill level 10 in Dodging
 11977 | D:9      | Reached skill level 16 in Stealth
 12343 | D:9      | Noticed a cyclops
 12352 | D:9      | Killed a cyclops
 12501 | D:10     | Entered Level 10 of the Dungeon
 12629 | D:10     | Noticed a two-headed ogre
 12664 | D:9      | Reached XP level 11. HP: 47/47 MP: 13/16
 12692 | D:9      | Killed a two-headed ogre
 12782 | D:10     | Reached skill level 17 in Stealth
 12943 | D:10     | Found Duvuphi's Antique Armour Boutique.
 13089 | D:9      | Reached ***** piety under Dithmenos
 13259 | D:10     | Reached skill level 5 in Ice Magic
 13831 | D:10     | Found an opulent altar of Gozag.
 14038 | D:11     | Noticed a green ugly thing
 14044 | D:11     | Killed a green ugly thing
 14045 | D:11     | Reached skill level 18 in Stealth
 14207 | D:11     | Noticed a green ugly thing
 14222 | D:11     | Killed a green ugly thing
 14563 | D:11     | Found a blossoming altar of Fedhas.
 14566 | D:11     | Noticed an oklob plant
 14567 | D:11     | Noticed an oklob plant
 14569 | D:11     | Killed an oklob plant
 14571 | D:11     | Killed an oklob plant
 14682 | D:11     | Found Nair Feng's Assorted Antiques.
 14911 | D:12     | Noticed a purple ugly thing
 14915 | D:12     | Killed a purple ugly thing
 14916 | D:12     | Reached skill level 19 in Stealth
 14952 | D:12     | You fall into a shaft and drop 2 floors!
 15020 | D:14     | Noticed a harpy
 15021 | D:14     | Noticed a tengu warrior
 15021 | D:14     | Noticed a tengu warrior
 15025 | D:14     | Noticed a harpy
 15026 | D:14     | Noticed a harpy
 15027 | D:14     | Noticed a tengu warrior
 15029 | D:14     | Killed a tengu warrior
 15030 | D:14     | Reached XP level 12. HP: 51/51 MP: 17/17
 15076 | D:14     | Noticed a boulder beetle
 15082 | D:14     | Killed a boulder beetle
 15174 | D:13     | Noticed a two-headed ogre
 15193 | D:13     | Found Hewir's General Store.
 15200 | D:12     | Noticed a boulder beetle
 15203 | D:12     | Killed a boulder beetle
 15204 | D:12     | Reached skill level 20 in Stealth
 15297 | D:12     | Found a staircase to the Orcish Mines.
 15308 | Orc:1    | Entered Level 1 of the Orcish Mines
 15529 | Orc:2    | Entered Level 2 of the Orcish Mines
 15531 | Orc:2    | Found Quistr Fulo's General Store.
 16387 | D:12     | Found a runed translucent door.
 16419 | D:12     | Reached skill level 1 in Armour
 16426 | D:12     | Noticed a crystal guardian
 16468 | D:12     | Found a white marble altar of Elyvilon.
 16818 | D:12     | Found a runed translucent door.
 16822 | D:12     | Noticed a deep troll earth mage
 16822 | D:12     | Noticed a lich
 16824 | D:12     | Reached skill level 21 in Stealth
 16824 | D:12     | Noticed avis's ghost (journeyman OpCj)
 16825 | D:12     | Killed a deep troll earth mage
 16948 | Lair:1   | Entered Level 1 of the Lair of Beasts
 17161 | Lair:1   | Noticed a seven-headed hydra
 17167 | Lair:1   | Killed a seven-headed hydra
 17251 | Lair:1   | Noticed a six-headed hydra
 17607 | Lair:1   | Killed a six-headed hydra
 17881 | Lair:1   | Noticed an eight-headed hydra
 17922 | Lair:1   | Reached skill level 22 in Stealth
 18024 | Lair:1   | Killed an eight-headed hydra
 18508 | Lair:2   | Reached XP level 13. HP: 55/55 MP: 6/18
 18738 | Lair:2   | Found a staircase to the Shoals.
 19063 | Lair:2   | Learned a level 2 spell: Blink
 19164 | Lair:2   | Identified the +2 falchion "Suogodan" {protect, rF- Will+
                  | Int+2}
 19405 | Lair:3   | Found a hole to the Spider Nest.
 19587 | Lair:3   | Reached skill level 23 in Stealth
 19852 | Lair:3   | Found a transporter.
 19855 | Lair:3   | Found a transporter.
 19856 | Lair:3   | Noticed Ruicvywi's ghost (journeyman OgTm)
 19928 | Lair:3   | Reached skill level 5 in Armour
 19973 | Lair:3   | Reached skill level 1 in Translocations
 21209 | Lair:5   | Reached skill level 24 in Stealth
 21891 | Spider:1 | Entered Level 1 of the Spider Nest
 21933 | Shoals:1 | Entered Level 1 of the Shoals
 22012 | Shoals:1 | Noticed a merfolk impaler
 22039 | Shoals:1 | Reached ****** piety under Dithmenos
 22040 | Shoals:1 | Reached skill level 5 in Translocations
 22282 | Shoals:1 | Identified Roxanne's Compendium of Clay
 22282 | Shoals:1 | Noticed Roxanne
 22591 | Lair:4   | Reached XP level 14. HP: 59/59 MP: 14/19
 23308 | Lair:5   | Reached skill level 1 in Invocations
 23311 | Lair:5   | Reached skill level 25 in Stealth
 24313 | Lair:5   | Found a runed translucent gate.
 24313 | Lair:5   | Found a runed translucent gate.
 24313 | Lair:5   | Found a runed translucent gate.
 24313 | Lair:5   | Noticed Sekkong's ghost (journeyman MiBe)
 24746 | Lair:6   | Entered Level 6 of the Lair of Beasts
 25285 | Lair:5   | Reached skill level 26 in Stealth
 25962 | Lair:6   | Reached skill level 5 in Invocations
 27123 | Lair:6   | Found a viscous altar of Jiyva.
 27123 | Lair:6   | Found a staircase to the Slime Pits.
 27529 | Lair:4   | Reached XP level 15. HP: 63/63 MP: 17/20
 27854 | Lair:4   | Reached skill level 27 in Stealth
 28805 | D:11     | Killed avis's ghost
 29327 | D:13     | Noticed srzhan31's ghost (journeyman GrCj)
 29634 | D:13     | Found a runed translucent door.
 30636 | D:14     | Reached skill level 10 in Invocations
 30941 | D:14     | Found Puki's Distillery.
 31173 | D:14     | Identified the ring "Yreyc" {rF+ Int+3 SInv}
 31375 | D:14     | Found a gate to the Vaults.
 31619 | D:15     | Entered Level 15 of the Dungeon
 31663 | D:15     | Found a gateway to a bazaar.
 31689 | Bazaar   | Entered a bazaar
 31693 | Bazaar   | Found Caumomyr's Book Shop.
 31714 | Bazaar   | Found Notafof's Jewellery Shoppe.
 31719 | Bazaar   | Found Zemunkieno's Antique Armour Boutique.
 31729 | Bazaar   | Found Paawolom's Weapon Shop.
 31799 | D:15     | Found a gate leading to a gauntlet.
 31808 | Gauntlet | Entered a Gauntlet
 31808 | Gauntlet | Found a transporter.
 31808 | Gauntlet | Found a transporter.
 31808 | Gauntlet | Found a transporter.
 31809 | Gauntlet | Found a transporter.
 31810 | Gauntlet | Found a transporter.
 31813 | Gauntlet | Found a transporter.
 31819 | Gauntlet | Found a transporter.
 31822 | Gauntlet | Found a transporter.
 31822 | Gauntlet | Found a transporter.
 31824 | Gauntlet | Found a transporter.
 31832 | Gauntlet | Found a transporter.
 31833 | Gauntlet | Found a transporter.
 32093 | Gauntlet | Identified the +1 pair of gloves of Ricwuis {Will+}
 32204 | Gauntlet | Reached skill level 1 in Shields
 32207 | Gauntlet | Identified the Tome of the Poisonous Blaze
 32207 | Gauntlet | Identified the +0 plate armour of the Devil {*Slow rElec
                  | Str+3}
 32207 | Gauntlet | Identified the ring "Juxuur" {Str+3 SInv}
 32484 | D:6      | Bought the +2 hood of the Assassin {Detection Stab+
                  | Stlth++} for 1680 gold pieces
 32484 | D:6      | Found the +2 hood of the Assassin {Detection Stab+ Stlth++}
 32883 | Orc:1    | HP: 2/61 [orc high priest/divine providence (11)]
 33137 | Orc:2    | Noticed an orc warlord
 33210 | Orc:1    | Killed an orc warlord
 33258 | Orc:1    | Reached XP level 16. HP: 59/67 MP: 20/26
 33364 | Orc:2    | Found Coat's Jewellery Shop.
 33525 | Orc:2    | Found a staircase to the Elven Halls.
 33694 | Orc:2    | Found Gyuph's Antique Armour Shoppe.
 33785 | Orc:2    | Found Fomavi's Weapon Boutique.
 33909 | Orc:2    | Found Lefaluase's Antique Weapon Boutique.
 34918 | D:14     | Reached skill level 5 in Shields
 35377 | D:15     | Found a staircase to the Depths.
 36514 | Lair:3   | Reached skill level 1 in Fighting
 36514 | Lair:3   | Reached skill level 1 in Long Blades
 37005 | Spider:1 | Identified the +8 rapier of the Wasteland {venom, rElec}
 37008 | Spider:1 | Reached skill level 5 in Long Blades
 37008 | Spider:1 | Reached XP level 17. HP: 74/74 MP: 27/27
 37346 | Spider:2 | Noticed Arachne
 37663 | Spider:2 | Killed Arachne
 38250 | Lair:3   | Lost strength.
 39451 | Spider:1 | HP: 3/74 [poisoned by a redback]
 39458 | Spider:1 | HP: 3/74 [poisoned by a redback]
 39622 | Spider:2 | HP: 1/74 [redback (13)]
 39622 | Spider:2 | Mangled by a redback

Illustrated notes

Levels and vault maps discovered:
D:1:      dpeg_arrival_round_c, layout_loops_ring,
          chequers_serial_rivers_micro_d
D:2:      layout_loops_ring, marbit_many_paths
D:3:      layout_rooms, chequers_ecumenical_altar_simple, ebering_ghost_sewer_f,
          corexii_corridor_pit
D:4:      layout_loops_ring, minmay_temple_entry_sparse_star, serial_shops,
          shop, kennysheep_decorative_pillar, uniq_blork_the_orc, uniq_robin
D:5:      layout_loops_ring, minmay_shop_mass
D:6:      layout_loops_ring, serial_shops, shop,
          nicolae_shop_temple_entry_statues_fountains, kennysheep_mini_moat,
          shop, shop_statue, enter_ossuary_5, nrook_loot_triangle
D:7:      layout_rooms
D:8:      layout_loops_ring, grunt_lair_entry_orc_guard_hut, glass_columns_a,
          uniq_pikel, uniq_erica, uniq_maggie
D:9:      layout_loops_ring
D:10:     layout_rooms, serial_shops, nicolae_shop_window_shopping,
          minivault_25, nicolae_gozag_cash_rules_everything_around_me
D:11:     layout_loops_corners, serial_shops, shop, hangedman_tree_tricks,
          st_stairs_9
D:12:     layout_cave_pools, muffindrake_ghost_dual_entry, basic_altar
D:13:     minmay_blocky_corners, layout_basic, hellmonk_ghost_happy_afterlife,
          serial_shops, shop
D:14:     layout_stronghold, grunt_vaults_entry_tiered,
          chequers_serial_rivers_micro_e, serial_shops, shop, hangedman_aviary
D:15:     grunt_enter_depths_hoard, layout_rooms, gauntlet_entry_generic,
          serial_shops, bzr_entry_gold
Temple:   nicolae_temple_the_god_donut
Lair:1:   layout_small_grid
Lair:2:   layout_chaotic_city, minmay_shoals_entry_beasts, lemuel_fruit_fields,
          serial_bayou_shore_b, infiniplex_staircase_pool, lemuel_fruit_tree,
          grunt_megastairs_5
Lair:3:   layout_gridlike, nicolae_spider_entry_tight_spaces, serial_forest,
          infiniplex_forest_end_1, infiniplex_forest_lined_4_way,
          infiniplex_forest_clump_diagonal, infiniplex_forest_lined_3,
          infiniplex_forest_lined_ring, infiniplex_forest_lined_3,
          infiniplex_forest_fountain, infiniplex_forest_zigzag_2,
          infiniplex_forest_clump_C, infiniplex_forest_clump_curved,
          gammafunk_ghost_hive, st_stairs_12
Lair:4:   layout_layer_cave, serial_bayou_lake_a, grunt_megastairs_2
Lair:5:   regret_index_harrowing_hell_hive, layout_regular_city,
          ebering_ghost_rock_garden
Lair:6:   minmay_lair_end_frog_pond, layout_regular_city,
          dpeg_slime_entry_enclosed_altar, nicolae_quartered_pool_super
Shoals:1: layout_shoals, serial_shops, bzr_entry_water, uniq_roxanne
Spider:1: layout_spider_delve, guppyfry_spider_mini_1
Spider:2: layout_spider_delve, uniq_arachne, uniq_donald
Orc:1:    layout_caves
Orc:2:    grunt_orc_gardens, layout_caves, grunt_orc_garden, grunt_orc_garden,
          grunt_orc_garden, grunt_orc_garden, serial_shops, shop_statue

Skill      XL: |  1  2  3  4  5  6  7  8  9 10 11 12 13 14 15 16 17 |
---------------+----------------------------------------------------+-----
Hexes          | 4 5 6 7 9 10 | 10.5
Dodging        | 3 4 5 7 9 10 12 13 | 13.1
Stealth        | 5 6 7 8 10 12 14 16 19 22 24 26 27 | 27.0
Spellcasting   | 3 |  3.0
Ice Magic      | 2 4 5 |  5.0
Armour         | 3 5 |  5.0
Translocations | 6 7 |  7.1
Invocations    | 6 12 | 12.0
Shields        | 3 7 |  7.2
Fighting       | 2 |  2.1
Long Blades    | 5 8 |  8.1
Short Blades   | |  1.1

Action                   |  1- 3 |  4- 6 |  7- 9 | 10-12 | 13-15 | 16-18 || total
-------------------------+-------+-------+-------+-------+-------+-------++-------
Melee: Dagger            |    99 |    92 |   421 |   415 |   637 |       ||  1664
       Short sword       |     7 |       |       |       |       |       ||     7
       Unarmed           |       |     1 |       |       |       |       ||     1
       Scimitar          |       |       |       |    17 |    95 |   362 ||   474
Throw: Dart              |       |     6 |       |       |     1 |       ||     7
 Cast: Corona            |     2 |       |       |       |       |       ||     2
       Ensorcelled Hiber |    31 |    56 |    85 |   182 |   418 |   198 ||   970
       Confusing Touch   |     1 |     3 |    26 |    14 |    42 |    15 ||   101
       Tukima's Dance    |       |       |       |       |     3 |       ||     3
Invok: Shadow Step       |       |       |       |     4 |     2 |       ||     6
Evoke: Wand              |       |       |     2 |     1 |    23 |     3 ||    29
       Tin of tremorston |       |       |       |       |     2 |     2 ||     4
       Condenser vane    |       |       |       |       |     1 |     1 ||     2
  Use: Scroll            |    10 |       |     8 |    11 |    10 |     3 ||    42
       Potion            |       |     1 |     3 |       |     7 |     7 ||    18
 Stab: Sleeping          |    28 |    36 |    90 |   176 |   321 |   163 ||   814
       Confused          |     2 |     2 |    16 |    15 |    48 |    16 ||    99
       Distracted        |       |       |     2 |       |     2 |       ||     4
       Invisible         |       |       |       |       |    12 |       ||    12
Armor: Robe              |     3 |     6 |    21 |    28 |       |       ||    58
       Skin              |       |     1 |       |       |       |       ||     1
       Acid dragon scale |       |       |       |    17 |   177 |   148 ||   342
Dodge: Dodged            |    74 |    95 |   384 |   473 |  1016 |   516 ||  2558
       Repelled          |       |       |       |       |     4 |     2 ||     6
Block: Buckler           |       |       |       |       |    12 |   280 ||   292
       Rpst.: Scimitar   |       |       |       |     8 |    50 |   130 ||   188

Table legend: (Time is in decaauts)
 A = Elapsed time spent in this place.
 B = Non-inter-level travel time spent in this place.
 C = Inter-level travel time spent in this place.
 D = Time resting spent in this place.
 E = Time spent auto-exploring this place.
 F = Levels seen in this place.
 G = Mean time per level.
                   A        B        C        D        E       F      G
               +--------+--------+--------+--------+--------+-----+--------+
         Total |  32264 |  30655 |   1609 |   8364 |  14462 |  30 | 1075.5 |
       Dungeon |  15505 |  14540 |    965 |   2469 |   8295 |  15 | 1033.7 |
        Temple |    474 |    450 |     24 |    227 |    165 |   1 |  474.0 |
          Lair |   9789 |   9276 |    513 |   2851 |   4180 |   6 | 1631.5 |
        Shoals |    303 |    280 |     23 |     79 |      0 |   1 |  303.0 |
   Spider Nest |   2954 |   2928 |     26 |   1581 |    727 |   2 | 1477.0 |
  Orcish Mines |   2529 |   2473 |     56 |   1039 |    794 |   2 | 1264.5 |
        Bazaar |     40 |     40 |      0 |      0 |     28 |   1 |   40.0 |
       Ossuary |    344 |    344 |      0 |      0 |    187 |   1 |  344.0 |
      Gauntlet |    322 |    322 |      0 |    116 |     82 |   1 |  322.0 |
               +--------+--------+--------+--------+--------+-----+--------+

Top non-repeatable levels by time:
  Lair:3: 2582 daAuts
  Lair:5: 2580 daAuts
Spider:1: 2323 daAuts
   Orc:1: 1710 daAuts
     D:2: 1706 daAuts
    D:14: 1625 daAuts
  Lair:6: 1365 daAuts
  Lair:4: 1330 daAuts
     D:1: 1252 daAuts
  Lair:1: 1234 daAuts
     D:7: 1097 daAuts
     D:9: 1086 daAuts
     D:8: 1018 daAuts
     D:3: 1014 daAuts
    D:10: 957 daAuts
